 Dungeon Crawl Stone Soup version 0.20-a0-420-g83c570d (webtiles) character file.

840 TheGoonsmith the Frost Mage (level 8, -2/52 HPs)
             Began as a Merfolk Ice Elementalist on Dec 30, 2016.
             Was a Follower of Sif Muna.
             Killed from afar by ultrashaft's ghost (17 damage)
             ... with an orb of energy
             ... on level 5 of the Dungeon on Dec 31, 2016.
             The game lasted 00:14:58 (5919 turns).

TheGoonsmith the Frost Mage (MfIE)                  Turns: 5919, Time: 00:14:59

Health: -2/52      AC:  9    Str: 13    XL:     8   Next: 0%
Magic:  13/15      EV: 13    Int: 15    God:    Sif Muna [*.....]
Gold:   175        SH:  0    Dex: 16    Spells: 7/17 levels left

rFire  . . .     SeeInvis .     z - +0 dagger (elec)
rCold  . . .     Gourm    .     a - +0 robe
rNeg   . . .     Faith    .     (no shield)
rPois  .         Spirit   .     C - +0 helmet
rElec  .         Reflect  .     (no cloak)
rCorr  .         Harm     .     (no gloves)
MR     .....                    (no boots)
Stlth  +++.......               i - amulet of rage
                                (no ring)
                                f - ring of stealth

@: mighty, icy armour, slow
A: change form in water, swift swim, stealthy swim
a: Divine Energy, Renounce Religion, Evoke Berserk Rage


You were on level 5 of the Dungeon.
You worshipped Sif Muna.
Sif Muna was aware of your devotion.
You were not hungry.

You visited 1 branch of the dungeon, and saw 5 of its levels.

You collected 175 gold pieces.

Inventory:

Hand Weapons
 z - a +0 dagger of electrocution (weapon)
Missiles
 y - 2 throwing nets (quivered)
Armour
 a - a +0 robe (worn)
 C - a +0 helmet (worn)
Jewellery
 f - a ring of stealth (left hand)
 i - an amulet of rage (around neck)
 o - an uncursed ring of flight {unknown}
Wands
 m - a wand of flame (22/48)
 u - a wand of iceblast (8/15)
Scrolls
 g - 2 scrolls of teleportation
 r - 6 scrolls of identify
Potions
 d - a potion of brilliance {unknown}
 e - a potion of flight {unknown}
 j - a potion of lignification
 l - a potion of cancellation {unknown}
 t - a potion of cure mutation {unknown}
 v - a potion of resistance {unknown}
 w - a potion of curing {unknown}
 x - a potion of magic {unknown}
Books
 b - a book of Frost

   Spells                             Type                      Level
   a - Freeze                         Ice                          1
   b - Throw Frost                    Conjuration/Ice              2
   c - Ozocubu's Armour               Charms/Ice                   3
   d - Throw Icicle                   Conjuration/Ice              4
   e - Summon Ice Beast               Ice/Summoning                4
 A - Sif Muna's Reference Book on Protection
   (You found it on level 3 of the Dungeon)

   Spells                             Type                      Level
   a - Infusion                       Charms                       1
Comestibles
 c - 4 bread rations
 h - 3 meat rations
 n - a beef jerky
 q - 3 fruits


   Skills:
 - Level 2.6 Dodging
 - Level 2.1 Stealth
 - Level 5.1 Spellcasting
 - Level 0.7 Conjurations
 + Level 1.8 Charms
 - Level 8.0 Ice Magic


You had 7 spell levels left.
You knew the following spells:

 Your Spells              Type           Power        Failure   Level  Hunger
a - Freeze                Ice            ####         1%          1    None
b - Throw Frost           Conj/Ice       ###...       4%          2    ##.....
c - Ozocubu's Armour      Chrm/Ice       ###.....     10%         3    ###....
z - Summon Ice Beast      Ice/Summ       ###.....     34%         4    ####...


Dungeon Overview and Level Annotations

Branches:
Dungeon (5/15)
 Temple: D:4-7

Altars:
Ashenzari
Sif Muna
Trog
Xom

Annotations:
D:4 Edmund
D:5 ultrashaft's ghost, novice DECj


Message History

A film of ice covers your body!
Ultrashaft's ghost turns its malevolent gaze towards you.
Ultrashaft's ghost shrieks, "You must not succeed where I failed!"
You feel very mighty all of a sudden.
Ultrashaft's ghost gestures wildly while chanting.
A battlesphere comes into view.
You miss ultrashaft's ghost.
Ultrashaft's ghost gestures at you while chanting.
The orb of energy hits you!
Ouch! That really hurt!
The orb of energy explodes!
The battlesphere fires!
The barrage of energy hits you!
* * * LOW HITPOINT WARNING * * *
You closely miss ultrashaft's ghost.
Ultrashaft's ghost completely misses you.
You hit ultrashaft's ghost.
There is a sudden explosion of sparks!
Ultrashaft's ghost is moderately damaged.
Ultrashaft's ghost gestures at you while chanting.
The orb of energy hits you!
You die...

.####..................#
......#####............'
......#...######.......#
......#...#... #.......#
......'...#... #.......#
......#...##...#.......#
......######...#.......#
#..........#...'.......#
#.....<....'...#@......'
+..........#...#W......#
#..........### #.......#
#####+#....... .*......#
....... ........'
####............#
.....#+###### ....


You could see a battlesphere and ultrashaft's ghost.

Vanquished Creatures
  The ghost of morfei the Slasher, a novice OpGl (D:3)
  2 scorpions (D:4)
  An orc priest (D:3)
  2 centaur skeletons (D:4)
  Ijyb (D:3)
  3 orc wizards
  A worker ant (D:4)
  A hound skeleton (D:4)
  Robin (D:3)
  4 gnolls (D:3)
  7 adders
  2 oozes
  An adder skeleton (D:4)
  3 worms
  3 dart slugs
  2 leopard geckos (D:1)
  13 orcs
  A giant cockroach (D:2)
  19 goblins
  12 hobgoblins
  8 jackals
  10 kobolds
  2 quokkas
  3 ball pythons
  6 bats
  5 frilled lizards
  6 rats
120 creatures vanquished.

Notes
Turn   | Place    | Note
-------+----------+-------------------------------------------
     0 | D:1      | TheGoonsmith the Merfolk Ice Elementalist began the quest for the Orb.
     0 | D:1      | Reached XP level 1. HP: 13/13 MP: 3/3
   204 | D:1      | Reached XP level 2. HP: 5/19 MP: 0/5
   818 | D:1      | Reached skill level 4 in Ice Magic
  1103 | D:1      | Reached XP level 3. HP: 24/24 MP: 4/6
  2264 | D:2      | Found a bloodstained altar of Trog.
  2287 | D:2      | Reached XP level 4. HP: 22/30 MP: 4/8
  2549 | D:2      | Found a shimmering altar of Xom.
  2968 | D:3      | Noticed morfei's ghost (novice OpGl)
  2990 | D:3      | Killed morfei's ghost
  2990 | D:3      | Reached skill level 6 in Ice Magic
  2990 | D:3      | Reached XP level 5. HP: 25/35 MP: 0/11
  2990 | D:3      | Reached XP level 6. HP: 30/41 MP: 0/12
  3359 | D:3      | Noticed Ijyb
  3360 | D:3      | Upgraded the game from 0.20-a0-390-g4892b34 to 0.20-a0-420-g83c570d
  3366 | D:3      | Learned a level 2 spell: Throw Frost
  3370 | D:3      | Learned a level 3 spell: Ozocubu's Armour
  3375 | D:3      | Learned a level 4 spell: Summon Ice Beast
  3392 | D:3      | Killed Ijyb
  3605 | D:3      | Reached XP level 7. HP: 31/46 MP: 5/13
  3740 | D:3      | Found a deep blue altar of Sif Muna.
  3755 | D:3      | Reached skill level 7 in Ice Magic
  4010 | D:3      | Became a worshipper of Sif Muna the Loreminder
  4227 | D:3      | Identified Sif Muna's Reference Book on Protection
  4378 | D:3      | Noticed Robin
  4561 | D:3      | Killed Robin
  5116 | D:4      | Found a shattered altar of Ashenzari.
  5143 | D:4      | Noticed Edmund
  5426 | D:4      | Reached skill level 8 in Ice Magic
  5664 | D:4      | Reached * piety under Sif Muna
  5664 | D:4      | Reached skill level 5 in Spellcasting
  5736 | D:4      | Reached skill level 1 in Charms
  5819 | D:5      | Entered Level 5 of the Dungeon
  5828 | D:5      | Reached XP level 8. HP: 46/52 MP: 11/15
  5911 | D:5      | Noticed ultrashaft's ghost (novice DECj)
  5919 | D:5      | Killed from afar by ultrashaft's ghost

Vault maps used:
D:1:      minmay_arrival_arboretum_small, serial_bayou_lagoon_a
D:2:      lightli_temple_of_fire, lemuel_coloured_pillars_altar
D:3:      led_sif_book, uniq_iyjb, uniq_robin
D:4:      nicolae_ashenzari_panopticon, first_bread, kennysheep_generic_room_6,
          uniq_edmund
D:5:      uniq_grinder

Skill      XL: |  1  2  3  4  5  6  7 |
---------------+----------------------+-----
Ice Magic      | 4 6 8 |  8.0
Spellcasting   | 4 5 |  5.1
Charms         | 1 |  1.8
Dodging        | |  2.6
Stealth        | |  2.1
Conjurations   | |  0.7

Action                   |  1- 3 |  4- 6 |  7- 9 || total
-------------------------+-------+-------+-------++-------
Melee: Unarmed           |    31 |     9 |       ||    40
       Dagger            |       |       |    62 ||    62
 Cast: Freeze            |    68 |    66 |    68 ||   202
       Ozocubu's Armour  |       |     1 |     9 ||    10
       Throw Frost       |       |       |     4 ||     4
  Use: Potion            |       |     1 |     1 ||     2
       Scroll            |       |       |     6 ||     6
 Stab: Sleeping          |       |       |     3 ||     3
  Eat: Chunk             |     5 |     4 |     8 ||    17
Armor: Robe              |    10 |     4 |    18 ||    32
       Skin              |       |     2 |       ||     2
Dodge: Dodged            |    50 |    34 |    67 ||   151
